Map: Blackpink LE

Players

Clem

  • Race: Terran Terran
  • League: Grandmaster
  • Spawn Location: 7:00

Starbuck - Winner!

  • Race: Zerg Zerg
  • League: Grandmaster
  • Spawn Location: 1:00

Event: WESG Barcelona European Finals 2017

VOD

Have the link to the VOD?

Description

Time

  • Played on: Nov. 24, 2017, 8:22 a.m.
  • Length: 7:44

All games in this series

Show
View Real Time Build Order
Export as new Build Order

Clem Terran 

Build Orders: Reaper Expand, Hellion Banshee, Mech 

Get SALT Encoding   

  12  0:00  SCV  
  13  0:12  SCV  
  14  0:17  Supply Depot  
  14  0:24  SCV  
  15  0:38  SCV  
  15  0:40  Barracks  
  16  0:43  Refinery  
  16  0:50  SCV  
  17  1:03  SCV  
  18  1:15  SCV  
  19  1:26  Reaper  
  19  1:27  Orbital Command  
  20  1:38  Command Center  
  20  1:46  Supply Depot  
  20  1:54  SCV  
  21  1:58  Marine  
  22  2:04  Factory  
  22  2:07  SCV  
  23  2:11  Refinery  
  23  2:19  SCV  
  23  2:20  Barracks Reactor  
  24  2:31  SCV  
  25  2:43  SCV  
  26  2:50  Starport, Orbital Command  
  26  2:55  SCV  
  27  3:00  Hellion x2  
  27  3:04  Barracks Tech Lab  
  31  3:07  SCV  
  31  3:19  SCV  
  32  3:21  SCV, Hellion x2  
  37  3:31  SCV  
  37  3:33  SCV  
  37  3:34  Supply Depot  
  39  3:43  SCV  
  39  3:45  Cloaking Field, Banshee  
  43  3:49  Hellion  
  43  3:54  SCV  
  48  3:56  Supply Depot, Hellion  
  48  3:58  SCV  
  49  4:07  SCV  
  50  4:12  SCV  
  50  4:16  Hellion  
  53  4:19  SCV  
  53  4:20  Supply Depot  
  54  4:24  SCV  
  54  4:25  Command Center  
  54  4:30  Banshee  
  54  4:31  SCV  
  58  4:36  SCV, Supply Depot  
  59  4:39  Hellion  
  59  4:42  Hellion  
  59  4:44  SCV  
  64  4:47  Barracks Tech Lab  
  64  4:48  SCV  
  64  4:50  Factory  
  65  4:53  Factory  
  65  4:58  Refinery  
  65  5:00  Refinery  
  65  5:01  SCV x2  
  67  5:11  Supply Depot  
  67  5:15  Hellion x2  
  67  5:16  SCV  
  67  5:17  SCV  
  73  5:21  Starport Reactor  
  70  5:29  SCV  
  70  5:31  SCV, Armory  
  70  5:32  Armory  
  72  5:39  Hellion x2  
  72  5:41  SCV  
  78  5:43  Orbital Command  
  78  5:46  SCV  
  78  5:56  Siege Tank  
  81  5:57  Siege Tank  
  81  6:00  SCV x2, Hellion  
  81  6:01  Liberator, Hellion  
  81  6:03  Liberator  
  90  6:04  Orbital Command  
  90  6:08  Supply Depot x2  
  90  6:12  SCV x2  
  90  6:16  Supply Depot  
  90  6:17  Supply Depot  
  90  6:25  Hellion x2  
  96  6:33  SCV x2  
  96  6:34  SCV  
  91  6:41  Siege Tank  
  91  6:45  SCV  
  85  6:47  SCV, Hellion  
  85  6:49  SCV  
  85  6:50  Hellion  
  85  6:51  Hellion  
  83  6:57  SCV  
  83  6:59  SCV  
  73  7:03  SCV  
  73  7:08  Hellion  
  67  7:09  SCV  
  67  7:11  SCV, Hellion  
  67  7:12  Siege Tank  
  67  7:14  Hellion  
  74  7:16  SCV  
  74  7:21  SCV  
  64  7:23  SCV  
  64  7:28  SCV  
Show
View Real Time Build Order
Export as new Build Order

Starbuck Zerg - Winner!

Build Orders: Hatch First 

Get SALT Encoding   

  12  0:00  Drone  
  13  0:13  Overlord  
  13  0:16  Drone  
  14  0:32  Drone x2  
  16  0:36  Drone  
  17  0:53  Hatchery  
  17  0:55  Drone  
  17  0:58  Drone  
  18  1:11  Spawning Pool  
  18  1:14  Drone  
  18  1:18  Drone  
  19  1:29  Overlord  
  19  1:58  Zergling x4, Queen  
  23  2:01  Zergling x2  
  23  2:04  Queen  
  23  2:05  Drone  
  27  2:12  Drone  
  28  2:16  Drone  
  29  2:32  Drone  
  29  2:34  Queen  
  31  2:37  Overlord  
  31  2:38  Drone  
  31  2:39  Drone  
  31  2:40  Queen  
  35  2:56  Drone  
  35  2:57  Drone x2, Extractor  
  35  2:58  Extractor  
  36  3:01  Overlord  
  36  3:06  Drone  
  36  3:09  Drone x3  
  40  3:13  Drone x3  
  40  3:19  Overlord  
  43  3:20  Drone  
  43  3:23  Drone  
  44  3:31  Drone  
  44  3:33  Overlord, Extractor  
  43  3:34  Queen  
  45  3:44  Drone x3  
  45  3:45  Drone  
  45  3:46  Drone  
  50  3:49  Lair  
  50  3:50  Roach Warren  
  50  3:51  Drone  
  50  3:58  Drone  
  50  3:59  Drone x3  
  54  4:05  Evolution Chamber  
  54  4:08  Evolution Chamber  
  52  4:11  Drone  
  52  4:12  Drone  
  54  4:28  Hatchery, Overlord, Spore Crawler  
  53  4:33  Overlord  
  53  4:34  Zerg Ground Armor Level 1  
  53  4:37  Spore Crawler  
  52  4:39  Zerg Missile Weapons Level 1  
  52  4:41  Roach  
  52  4:44  Roach  
  56  4:49  Roach x2  
  60  4:53  Overseer  
  60  4:55  Glial Reconstitution  
  60  4:59  Roach x2  
  64  5:00  Roach  
  64  5:04  Roach  
  64  5:06  Overlord  
  68  5:09  Roach  
  69  5:15  Roach x2  
  69  5:16  Roach  
  69  5:19  Drone  
  73  5:30  Drone x3  
  73  5:32  Roach x3  
  82  5:36  Overlord  
  82  5:41  Roach  
  82  5:42  Roach  
  86  5:51  Roach x2  
  90  6:01  Roach  
  92  6:07  Overlord  
  92  6:10  Roach x7  
  106  6:24  Overlord  
  106  6:29  Roach x3  
  106  6:30  Roach  
  114  6:34  Overlord  
  88  6:57  Roach x4  
  88  6:59  Roach x5  
  88  7:00  Roach x3  
  106  7:02  Roach x2  
  106  7:03  Drone x2  
  106  7:05  Drone  
  106  7:08  Drone x2  
  111  7:13  Drone x2  
  113  7:15  Drone  
  113  7:19  Drone  
  113  7:22  Drone x4  
  119  7:25  Drone, Extractor  
  113  7:35  Spire  
  113  7:36  Extractor  
Tags
 
Add a new tag
Caveats
  • Supply blocks, unpowered buildings, or Contaminate may cause inaccurate times.
  • Supply counts are checked every 10 seconds.